 Dungeon Crawl Stone Soup version 0.23.2-40-g277498a001 (webtiles) character file.

Game seed: 10199949912219455315

271 Destapler the Sneak (level 6, 0/35 HPs)
             Began as a Deep Elf Conjurer on Sept 8, 2019.
             Slain by an ogre
             ... wielding a +0 giant spiked club
              (30 damage)
             ... on level 3 of the Dungeon on Sept 9, 2019.
             The game lasted 00:17:14 (2780 turns).

Destapler the Sneak (Deep Elf Conjurer)             Turns: 2780, Time: 00:17:15

Health: 0/35       AC:  2    Str:  5    XL:     6   Next: 2%
Magic:  3/12       EV: 13    Int: 22    God:
Gold:   158        SH:  0    Dex: 15    Spells: 6/11 levels left

rFire    . . .     SeeInvis .   a - +2 dagger (freeze)
rCold    . . .     Gourm    .   (no shield)
rNeg     . . .     Faith    .   f - +0 robe
rPois    .         Spirit   .   (no helmet)
rElec    .         Reflect  .   (no cloak)
rCorr    .         Harm     .   (no gloves)
MR       .....                  (no boots)
Stlth    ++++......             (no amulet)
HPRegen  0.11/turn              (no ring)
MPRegen  0.13/turn              (no ring)

@: no status effects
A: no striking features
a: no special abilities


You were on level 3 of the Dungeon.
You were hungry.

You visited 1 branch of the dungeon, and saw 4 of its levels.

You collected 158 gold pieces.

Inventory:

Hand Weapons
 a - a +2 dagger of freezing (weapon)
Missiles
 g - 146 stones (quivered)
 k - 2 tomahawks
Armour
 f - a +0 robe (worn)
Scrolls
 b - a scroll of noise
 d - a scroll of enchant weapon
 h - 3 scrolls of identify
 j - 2 scrolls of remove curse
 l - a scroll of fear {unknown}
 m - a scroll of immolation
 p - a scroll of magic mapping
 q - a scroll of teleportation {unknown}
Potions
 e - 2 potions of cancellation
 i - a potion of degeneration {unknown}
 n - a potion of ambrosia {unknown}
 o - 2 potions of curing
 r - a potion of haste {unknown}
Comestibles
 c - 3 rations
 s - 2 chunks of flesh


   Skills:
 - Level 2.1 Fighting
 + Level 2.4 Dodging
 + Level 7.3 Stealth
 + Level 3.0 Spellcasting
 + Level 4.3 Conjurations
 * Level 0.0 Translocations


You had 6 spell levels left.
You knew the following spells:

 Your Spells              Type           Power        Failure   Level  Hunger
a - Magic Dart            Conj           ###.         1%          1    None
b - Force Lance           Conj/Tloc      ##......     45%         4    ####...

Your spell library contained the following spells:

 Spells                   Type           Power        Failure   Level  Hunger
 Searing Ray              Conj           ###...       3%          2    ##.....
 Dazzling Spray           Conj/Hex       ##....       16%         3    ###....
 Iskenderun's Mystic Bla  Conj           ###.....     21%         4    ####...
 Fulminant Prism          Conj/Hex       ##........   45%         4    ####...


Dungeon Overview and Level Annotations

Branches:
Dungeon (4/15)
 Temple: D:4-7

Altars:
Gozag
Nemelex Xobeh
Qazlal

Annotations:
D:3 1 runed translucent door, EtherCrawl's ghost, amateur TrWr


Message History

The ogre is heavily wounded.
The ogre closely misses you.
Casting: Magic Dart (safe; 1% risk of failure)
Confirm with . or Enter, or press ? or * to list all spells.
Aiming: Magic Dart (safe; 1% risk of failure)
Press: ? - help, Shift-Dir - straight line, f/p - ogre
Aim: an ogre, wielding a +0 giant spiked club (heavily wounded)
The magic dart hits the ogre.
The ogre is severely wounded.
The ogre misses you.
Casting: Magic Dart (safe; 1% risk of failure)
Confirm with . or Enter, or press ? or * to list all spells.
Aiming: Magic Dart (safe; 1% risk of failure)
Press: ? - help, Shift-Dir - straight line, f/p - ogre
Aim: an ogre, wielding a +0 giant spiked club (severely wounded)
The magic dart hits the ogre.
The ogre is severely wounded.
The ogre hits you with a +0 giant spiked club!!
Ouch! That really hurt!
You die...

#.# #.# #.#..##. #.#
#####.############.#..##. ####.#
#...#.......>....#.#..##.
.....####..<#..#########.#.#..##.
#######........#########.#.......
#.......................###
#.......>#########.###)####
###...#..###### #.# #.....
#...#..O@...####.# ######
##.###.####......########
##########.# #(#########.........
...........# #..........)########
############ #############


You could see an ogre.

Vanquished Creatures
  An iguana (D:3)
  An orc wizard (D:4)
  Terence (D:2)
  Natasha (twice) (D:2)
  6 adders
  An ooze (D:2)
  2 worms
  4 dart slugs
  3 leopard geckos
  3 orcs
  2 ball pythons
  3 bats (D:1)
  9 hobgoblins
  3 jackals (D:3)
  6 frilled lizards
  8 goblins
  7 kobolds
  A leopard gecko skeleton (D:4)
  8 rats
71 creatures vanquished.

Notes
Turn   | Place    | Note
-------+----------+-------------------------------------------
     0 | D:1      | Destapler the Deep Elf Conjurer began the quest for the
                  | Orb.
     0 | D:1      | Reached XP level 1. HP: 10/10 MP: 6/6
   211 | D:1      | Reached skill level 1 in Fighting
   215 | D:1      | Reached XP level 2. HP: 16/16 MP: 0/8
   606 | D:1      | Reached skill level 3 in Stealth
   859 | D:2      | Reached XP level 3. HP: 10/21 MP: 7/9
  1119 | D:2      | Noticed Terence
  1128 | D:2      | Killed Terence
  1128 | D:2      | Reached skill level 4 in Stealth
  1128 | D:2      | Reached XP level 4. HP: 23/26 MP: 0/10
  1231 | D:2      | Noticed Natasha
  1241 | D:2      | Killed Natasha
  1241 | D:2      | Reached skill level 5 in Stealth
  1506 | D:2      | Noticed Natasha
  1527 | D:2      | Killed Natasha
  1527 | D:2      | Reached XP level 5. HP: 29/30 MP: 8/11
  1848 | D:3      | Reached skill level 6 in Stealth
  2075 | D:3      | Found a runed translucent door.
  2081 | D:3      | Noticed EtherCrawl's ghost (amateur TrWr)
  2120 | D:3      | Found a sparkling altar of Nemelex Xobeh.
  2121 | D:3      | Found an opulent altar of Gozag.
  2396 | D:3      | Found a stormy altar of Qazlal.
  2604 | D:4      | Noticed an ogre
  2626 | D:4      | Reached skill level 7 in Stealth
  2733 | D:4      | Reached XP level 6. HP: 35/35 MP: 8/12
  2740 | D:4      | Learned a level 4 spell: Force Lance
  2780 | D:3      | Slain by an ogre

Skill      XL: |  1  2  3  4  5 |
---------------+----------------+-----
Fighting       | 1 2 |  2.1
Stealth        | 3 4 5 7 |  7.3
Dodging        | |  2.4
Spellcasting   | |  3.0
Conjurations   | |  4.3

Action                   |  1- 3 |  4- 6 || total
-------------------------+-------+-------++-------
Melee: Unarmed           |     1 |       ||     1
       Dagger            |    11 |    32 ||    43
       Short sword       |     1 |       ||     1
 Cast: Magic Dart        |    63 |    74 ||   137
  Use: Scroll            |       |     7 ||     7
 Stab: Sleeping          |     2 |    11 ||    13
  Eat: Chunk             |       |     5 ||     5
Armor: Robe              |     3 |     3 ||     6
Dodge: Dodged            |    21 |    30 ||    51
